 Dungeon Crawl Stone Soup version 0.22-a0-377-g846bec1 (webtiles) character file.

34379 Goblin1989 the Schismatic (level 13, 63/98 (103) HPs)
             Began as a Demonspawn Abyssal Knight on Apr 19, 2018.
             Was an Elder of Lugonu.
             Quit the game on level 1 of the Orcish Mines on Apr 28, 2018.
             The game lasted 00:56:13 (25788 turns).

Goblin1989 the Schismatic (DsAK)                   Turns: 25788, Time: 00:56:13

HP:   63/98 (103)   AC: 20    Str: 14    XL:     13   Next: 41%
MP:   22/22         EV: 12    Int: 14    God:    Lugonu [****..]
Gold: 1224          SH:  0    Dex: 16    Spells: 12/12 levels left

rFire    + . .     SeeInvis .   S - +1 double sword (vamp)
rCold    . . .     Gourm    .   (no shield)
rNeg     . . .     Faith    .   h - +0 plate armour
rPois    +         Spirit   +   n - +2 hat
rElec    .         Reflect  .   (no cloak)
rCorr    .         Harm     .   (no gloves)
MR       .....                  H - +0 pair of boots
Stlth    ..........             u - amulet of magic regeneration
HPRegen  0.26/turn              o - ring of poison resistance
MPRegen  0.61/turn              z - +4 ring of evasion

@: studying Evocations
A: hooves 2, iridescent scales 2, fire resistance 1, powered by pain 2, magic
shield, magic regeneration, magic link
a: Depart the Abyss, Bend Space, Banish, Corrupt, Renounce Religion


You were on level 1 of the Orcish Mines.
You worshipped Lugonu.
Lugonu was greatly pleased with you.
You were not hungry.

You visited 3 branches of the dungeon, and saw 18 of its levels.
You visited the Abyss 1 time.

You collected 1224 gold pieces.

Inventory:

Hand Weapons
 b - a +4 scimitar of flaming
 w - a +0 blowgun {@w1}
 B - a +4 short sword
 S - a +1 vampiric double sword (weapon)
Missiles
 C - 7 curare-tipped needles
 K - 7 needles of sleeping
 V - 63 poisoned needles
 Z - a throwing net (quivered) {!d , @Q1}
Armour
 h - a +0 plate armour (worn)
 n - a +2 hat (worn)
 H - a +0 pair of boots (worn)
Jewellery
 f - an uncursed ring of protection from fire
 o - a ring of poison resistance (left hand)
 u - an amulet of magic regeneration (around neck)
 z - a +4 ring of evasion (right hand)
 I - an uncursed ring of ice
 U - an uncursed ring of positive energy
Wands
 A - a wand of acid (10) {@v2}
 F - a wand of scattershot (3) {@v5}
Scrolls
 g - a scroll of noise {unknown}
 i - 4 scrolls of remove curse {@r3}
 l - a scroll of teleportation {unknown}
 r - a scroll of fear {unknown}
 s - 2 scrolls of acquirement {unknown}
 t - a scroll of torment {unknown}
 v - a scroll of silence {unknown}
 x - 4 scrolls of fog
 M - a scroll of magic mapping
 N - 2 scrolls of blinking {unknown}
 P - 3 scrolls of amnesia
 R - a scroll of identify {@r1}
 W - 4 scrolls of enchant armour {unknown}
 X - 4 scrolls of enchant weapon
 Y - a scroll of immolation
Potions
 d - a potion of flight
 j - 7 potions of curing {@q1}
 k - 5 potions of magic
 m - a potion of agility {@q5}
 p - 3 potions of haste {@q3,}
 q - a potion of ambrosia
 D - a potion of mutation {!q}
 G - 3 potions of brilliance
 J - 6 potions of might {@q4}
 O - 5 potions of resistance {@q6}
 Q - 2 potions of cancellation
 T - 7 potions of heal wounds {@q2}
Books
 y - a manual of Evocations
Comestibles
 e - 30 rations
 L - a chunk of flesh


   Skills:
 + Level 10.0 Fighting
 - Level 10.0(10.5) Short Blades
 * Level 5.4(8.4) Long Blades
 + Level 7.3 Armour
 + Level 8.7 Dodging
   Level 5.7 Shields
 - Level 12.0 Invocations
 + Level 9.0 Evocations


You had 12 spell levels left.
You didn't know any spells.

Dungeon Overview and Level Annotations

Branches:
Dungeon (11/15)            Temple (0/1) D:7            Lair (6/6) D:9
  Swamp (0/4) Lair:2       Spider (0/4) Lair:4          Orc (1/2) D:10
  Slime: Lair:5-6

Altars:
Elyvilon
Fedhas
Gozag
Hepliaklqana
Kikubaaqudgha
Makhleb
Okawaru
Qazlal
Ru
Sif Muna
Uskayaw
Xom
Zin
The Shining One

Shops:
D:10 (   D:11 (

Annotations:
D:3 VDreamerV's ghost, amateur FoTm
D:4 Goblin1989's ghost, amateur HOFi
D:9 exclusion: 2 doors
Lair:3 exclusion: oklob plant
Abyss:1 Psyche; Urug


Innate Abilities, Weirdness & Mutations

You have hoof-like feet.
You are mostly covered in iridescent scales. (AC +4)
Your flesh is heat resistant. (rF+)
You sometimes gain power by taking damage.
When hurt, damage is shared between your health and your magic reserves.
You regenerate magic rapidly.
When low on magic, you restore magic in place of health.


Message History

You see here a hand axe.
Items here: )))) [ ÷÷
There is a staircase back to the Dungeon, spattered with blood here.
You see here a dagger.
You barely miss the ogre. The ogre misses you.
You slice the ogre!!
You feel better.
The ogre is severely wounded.
The ogre barely misses you.
You riposte.
You slice the ogre!!
You feel better.
You kill the ogre!
Lugonu accepts your kill.
You regained 15 hp, and now have 74/98 hp.
You slash the two-headed ogre!
You feel better.
The two-headed ogre is lightly wounded.
The two-headed ogre barely misses you.
The two-headed ogre hits you but does no damage.
You regained 5 hp, and now have 79/98 hp.
You hit the two-headed ogre but do no damage.
The two-headed ogre is lightly wounded.
The two-headed ogre barely misses you.
The two-headed ogre hits you with a giant club.
You take 1 damage, and have 78/98 hp.
You now have 21/22 mp.
You hit the two-headed ogre but do no damage.
The two-headed ogre is lightly wounded.
The two-headed ogre closely misses you.
The two-headed ogre hits you but does no damage.
MP restored: 22 You slash the two-headed ogre!
The two-headed ogre is moderately wounded.
You slash the two-headed ogre!
The two-headed ogre is severely wounded.
The two-headed ogre barely misses you.
The two-headed ogre hits you with a giant club!
You take 5 damage, and have 74/98 hp.
You now have 20/22 mp.
You hit the two-headed ogre.
The two-headed ogre is severely wounded.
The two-headed ogre barely misses you. x2
You hit the two-headed ogre but do no damage.
The two-headed ogre is severely wounded.
The two-headed ogre hits you with a giant club!!
The two-headed ogre barely misses you.
You take 15 damage, and have 59/98 hp.
You now have 16/22 mp.
You slash the two-headed ogre!
You feel better.
The two-headed ogre is severely wounded.
The two-headed ogre misses you.
You riposte.
You hit the two-headed ogre but do no damage.
The two-headed ogre is severely wounded.
The two-headed ogre hits you with a giant club.
You hit the two-headed ogre.
The two-headed ogre is almost dead.
The two-headed ogre hits you with a giant club.
The two-headed ogre barely misses you.
You take 5 damage, and have 54/98 hp.
You now have 15/22 mp.
Your plate armour prevents you from hitting the two-headed ogre.
The two-headed ogre is almost dead.
You hit the two-headed ogre but do no damage.
The two-headed ogre is almost dead.
The two-headed ogre hits you with a giant club!
The two-headed ogre hits you but does no damage.
You take 8 damage, and have 46/98 hp.
You hit the two-headed ogre.
You feel better.
The two-headed ogre is almost dead.
The two-headed ogre closely misses you. x2
You regained 2 hp, and now have 48/98 hp.
You hit the two-headed ogre but do no damage.
The two-headed ogre is almost dead.
The two-headed ogre barely misses you.
The two-headed ogre hits you but does no damage.
You completely miss the two-headed ogre.
The two-headed ogre is almost dead.
The two-headed ogre hits you but does no damage.
The two-headed ogre hits you with a giant club!
* * * LOW HITPOINT WARNING * * *
You take 6 damage, and have 42/98 hp.
You now have 16/22 mp.
You slash the two-headed ogre!
You feel better.
You kill the two-headed ogre!
Lugonu accepts your kill.
Your life force feels restored.
Your Evocations skill increases to level 9!
You regained 6 hp, and now have 48/98 hp.
Unknown command.
Unknown command.
Magic restored.
Key pressed, stopping explore.
Key pressed, stopping explore.
Key pressed, stopping explore.
Some of the chunks of flesh in your inventory have rotted away.
Some of the chunks of flesh in your inventory have rotted away.
Key pressed, stopping explore.
An orc warrior comes into view. It is wielding a halberd.
You regained 15 hp, and now have 63/98 hp.
MP restored: 22 An orc warrior is nearby!
An orc warrior is nearby!
An orc warrior is nearby!
An orc warlord comes into view.
It is wielding a great sword of protection.
The orc warrior shouts!
The orc warrior throws a tomahawk.
The tomahawk closely misses you.
An orc warrior and 2 trolls come into view.
Items here: ))))))) [ ÷÷ Are you sure you want to abandon this character and quit the game? (Confirm with "yes".)

█.█.......█ ██........█.).. $
█....T....██ █.........)█).█ ..
█.█...o....█████........█.... ..█
█....oo.....█.█........█.....
...██.█..T..[..██................
....█........[.........█.█.....█.
....∆......)...[..........█......
....∆........█.).......█........█
....█....███████@()....██.....███
o..███████ ██[<............█ ..█
██[.[).........███ .█
█..[...█.....█.█ █
██[██.██.....███ ███████.█..██
███..█


████ You could see an orc warlord, 2 trolls and 2 orc warriors.

Vanquished Creatures
  3 two-headed ogres
  Erica (D:8)
  Pikel (D:7)
  An orc knight (Orc:1)
  An orc sorcerer (D:10)
  9 elephants
  8 spiny frogs
  A kobold demonologist (D:11)
  4 komodo dragons
  5 trolls
  Prince Ribbit (D:8)
  2 dream sheep (Lair:5)
  9 hippogriffs
  A shadow (D:11)
  3 wyverns
  A tarantella (Lair:4)
  22 yaks
  3 hogs (D:7)
  Grum (D:8)
  A human (D:7)
  2 basilisks
  3 wargs (Orc:1)
  6 water moccasins
  3 porcupines
  A swamp drake (D:9)
  An ice beast (D:8)
  15 orc warriors
  A sky beast (D:5)
  An eye of draining (D:11)
  7 necrophages
  4 black bears
  5 phantoms
  15 wolves
  13 ogres
  7 centaurs
  13 crocodiles
  15 big kobolds (D:11)
  10 bullfrogs
  A gnoll sergeant (D:7)
  3 scorpions
  6 killer bees (D:7)
  8 wights
  4 howler monkeys
  A bullfrog zombie (D:6)
  3 crimson imps
  5 hounds
  2 quasits
  2 centaur zombies
  2 jellies (D:6)
  2 bullfrog skeletons
  6 orc priests
  2 centaur skeletons
  Terence (D:3)
  8 orc wizards
  9 worker ants
  2 iguanas
  A killer bee zombie (D:8)
  A worker ant zombie (D:11)
  13 adders
  9 gnolls (D:7)
  A howler monkey skeleton (D:8)
  3 shadow imps
  3 oozes
  2 adder zombies
  2 adder skeletons (D:9)
  5 worms
  2 dart slugs (D:2)
  6 leopard geckos
  38 orcs
  4 bats
  6 giant cockroaches
  11 goblins
  3 hobgoblins
  6 jackals (D:2)
  9 kobolds
  A quokka (D:3)
  2 ball pythons (D:2)
  A ball python skeleton (D:4)
  3 frilled lizards
  A jackal skeleton (D:6)
  7 rats
  A butterfly (D:2)
408 creatures vanquished.

Vanquished Creatures (others)
  An orc warlord (Orc:1)
  2 hydras
  A two-headed ogre (D:9)
  4 orc knights (Orc:1)
  An orc sorcerer (Orc:1)
  A wraith (D:9)
  A hungry ghost (D:10)
  4 basilisks (Lair:5)
  A yak (D:11)
  A slave (D:10)
  An orc wizard (D:8)
  5 fungi
  A plant (Lair:4)
24 creatures vanquished.

Grand Total: 432 creatures vanquished

Notes
Turn   | Place    | Note
-------+----------+-------------------------------------------
     0 | Abyss:1  | Goblin1989 the Demonspawn Abyssal Knight began the quest for the Orb.
     0 | Abyss:1  | Reached XP level 1. HP: 18/18 MP: 2/2
    16 | D:1      | Escaped the Abyss
   421 | D:1      | Gained mutation: You sometimes gain a little power by taking damage. [demonic ancestry]
   421 | D:1      | Reached XP level 2. HP: 20/24 MP: 3/3
   969 | D:1      | Found an ancient bone altar of Kikubaaqudgha.
  1255 | D:2      | Reached ** piety under Lugonu
  1271 | D:2      | Gained mutation: You sometimes gain power by taking damage. [demonic ancestry]
  1271 | D:2      | Reached XP level 3. HP: 29/29 MP: 4/4
  1281 | D:2      | Reached skill level 1 in Dodging
  1625 | D:2      | Found a shimmering altar of Xom.
  1684 | D:2      | Found a sacrificial altar of Ru.
  1769 | D:2      | Gained mutation: You have large cloven feet. [demonic ancestry]
  1769 | D:2      | Reached XP level 4. HP: 30/35 MP: 6/6
  1952 | D:2      | Reached skill level 3 in Invocations
  2554 | D:3      | Found an iron altar of Okawaru.
  2771 | D:3      | Gained mutation: You are partially covered in iridescent scales. (AC +2) [demonic ancestry]
  2771 | D:3      | Reached XP level 5. HP: 37/41 MP: 7/7
  2813 | D:3      | Noticed Terence
  2824 | D:3      | Killed Terence
  2908 | D:3      | Noticed VDreamerV's ghost (amateur FoTm)
  3121 | D:4      | Reached *** piety under Lugonu
  3701 | D:4      | Noticed Goblin1989's ghost (amateur HOFi)
  3721 | D:5      | Entered Level 5 of the Dungeon
  3810 | D:5      | Gained mutation: You are mostly covered in iridescent scales. (AC +4) [demonic ancestry]
  3810 | D:5      | Reached XP level 6. HP: 33/48 MP: 8/8
  3942 | D:5      | Noticed a sky beast
  3959 | D:5      | Reached skill level 4 in Invocations
  3965 | D:5      | Killed a sky beast
  4292 | D:5      | Reached skill level 5 in Short Blades
  4391 | D:5      | Found a burning altar of Makhleb.
  4417 | D:5      | Gained mutation: When hurt, damage is shared between your health and your magic reserves. [demonic ancestry]
  4417 | D:5      | Reached XP level 7. HP: 49/54 MP: 10/10
  4804 | D:5      | Reached skill level 5 in Invocations
  4958 | D:5      | Found a deep blue altar of Sif Muna.
  4960 | D:5      | Found a hazy altar of Hepliaklqana.
  4960 | D:5      | Found a white marble altar of Elyvilon.
  4962 | D:5      | Found a shimmering altar of Xom.
  4962 | D:5      | Found a glowing golden altar of the Shining One.
  4962 | D:5      | Found a glowing golden altar of the Shining One.
  5313 | D:5      | Gained mutation: You have hoof-like feet. [demonic ancestry]
  5313 | D:5      | Reached XP level 8. HP: 43/61 MP: 10/12
  5451 | D:5      | Reached skill level 5 in Fighting
  5961 | D:5      | Reached skill level 6 in Invocations
  6260 | D:6      | Found an ancient bone altar of Kikubaaqudgha.
  6819 | D:6      | Found a blossoming altar of Fedhas.
  6897 | D:6      | Reached skill level 1 in Shields
  8000 | D:7      | Gained mutation: You regenerate magic rapidly. [demonic ancestry]
  8000 | D:7      | Reached XP level 9. HP: 59/69 MP: 12/14
  8132 | D:7      | Reached skill level 7 in Invocations
  8413 | D:7      | Reached **** piety under Lugonu
  8844 | D:7      | Reached skill level 5 in Dodging
  9180 | D:7      | Found a staircase to the Ecumenical Temple.
  9522 | D:7      | Noticed Pikel
  9555 | D:7      | Killed Pikel
  9555 | D:7      | Reached skill level 8 in Invocations
 10180 | D:7      | Gained mutation: Your flesh is heat resistant. (rF+) [demonic ancestry]
 10180 | D:7      | Reached XP level 10. HP: 63/77 MP: 16/16
 10387 | D:8      | Noticed Grum
 10559 | D:8      | Killed Grum
 10795 | D:8      | Noticed Prince Ribbit
 10832 | D:8      | Killed Prince Ribbit
 10968 | D:8      | Noticed Psyche
 10968 | D:8      | Banished Psyche
 11020 | D:8      | Found a white marble altar of Elyvilon.
 11332 | D:8      | Noticed Erica
 11371 | D:8      | Killed Erica
 12237 | D:8      | Found an opulent altar of Gozag.
 12293 | D:8      | Found a glowing silver altar of Zin.
 12540 | D:9      | Found a hide-covered altar of Uskayaw.
 12541 | D:9      | Noticed a hand axe
 12545 | D:9      | Noticed a dagger
 12565 | D:9      | Reached skill level 9 in Invocations
 13686 | D:9      | Noticed a two-headed ogre
 13687 | D:9      | Banished a two-headed ogre
 13775 | D:9      | Reached XP level 11. HP: 80/82 MP: 15/17
 14290 | D:9      | Noticed a two-headed ogre
 14295 | D:9      | Killed a two-headed ogre
 14367 | D:9      | Found a staircase to the Lair.
 14483 | D:10     | Entered Level 10 of the Dungeon
 14483 | D:10     | Found a staircase to the Orcish Mines.
 14483 | D:10     | Noticed Urug
 14484 | D:10     | Banished Urug
 14503 | D:10     | Noticed a two-headed ogre
 14526 | D:10     | Killed a two-headed ogre
 14526 | D:10     | Reached skill level 1 in Evocations
 14758 | D:10     | Reached skill level 5 in Shields
 14976 | D:10     | Found Jocsaqits's Weapon Emporium.
 14981 | D:10     | Upgraded the game from 0.22-a0-362-g535178c to 0.22-a0-368-g870eee8
 15066 | D:10     | Reached skill level 10 in Short Blades
 15435 | D:10     | Noticed a seven-headed hydra
 15467 | D:10     | Banished a seven-headed hydra
 16232 | D:11     | Reached skill level 10 in Invocations
 16284 | D:11     | Reached skill level 5 in Armour
 16741 | D:11     | Found Kyaffady's Weapon Boutique.
 17301 | D:11     | Found a stormy altar of Qazlal.
 17869 | Lair:1   | Entered Level 1 of the Lair of Beasts
 18726 | Lair:1   | Reached XP level 12. HP: 89/92 MP: 17/19
 18960 | Lair:1   | Reached skill level 5 in Evocations
 18983 | Lair:1   | Reached skill level 1 in Long Blades
 19237 | Lair:2   | Found a staircase to the Swamp.
 19242 | Lair:2   | Noticed a six-headed hydra
 19244 | Lair:2   | Banished a six-headed hydra
 19471 | Lair:2   | Upgraded the game from 0.22-a0-368-g870eee8 to 0.22-a0-374-g5dfd9e3
 19737 | Lair:2   | You fall through a shaft!
 20433 | Lair:3   | Reached skill level 11 in Invocations
 21606 | Lair:4   | Found a hole to the Spider Nest.
 22183 | Lair:5   | Reached ***** piety under Lugonu
 22830 | Lair:5   | Gained mutation: When low on magic, you restore magic in place of health. [demonic ancestry]
 22830 | Lair:5   | Reached XP level 13. HP: 55/96 MP: 14/21
 23358 | Lair:6   | Entered Level 6 of the Lair of Beasts
 23841 | Lair:5   | Reached skill level 12 in Invocations
 24042 | Orc:1    | Entered Level 1 of the Orcish Mines
 24062 | Orc:1    | Upgraded the game from 0.22-a0-374-g5dfd9e3 to 0.22-a0-377-g846bec1
 24592 | Orc:1    | HP: 4/98 [orc warrior/enchanted war axe (4)]
 25482 | Orc:1    | Noticed an orc warlord
 25483 | Orc:1    | Banished an orc warlord
 25483 | Orc:1    | Reached skill level 5 in Long Blades
 25552 | Orc:1    | Reached skill level 10 in Fighting
 25787 | Orc:1    | Noticed an orc warlord
 25788 | Orc:1    | Quit the game

Vault maps used:
D:1:      dpeg_arrival_water_altar
D:2:      xom_butterflies, first_ration, kennysheep_pointless_box,
          grunt_decor_arrowhead, nicolae_ru_the_path_less_chosen
D:3:      okawaru_ov_weapons_minmay, uniq_terence
D:5:      bloody_makhleb, doesnt_xom_only_xom
D:6:      nicolae_overflow_hidden_temple, old_standard_altar
D:7:      minmay_temple_entry_grid, grunt_livestock, serial_park_tiny_1,
          minmay_misc_feat_tower, uniq_pikel
D:8:      lemuel_doored_altar, elyvilon_altar_5, grunt_gozag_breadcrumbs,
          uniq_erica, uniq_grum, uniq_psyche, uniq_prince_ribbit1
D:9:      cheibrodos_two_vegetables, dancing_weapons_uskayaw, erik_lair_dragon
D:10:     orc_0_dummy, serial_shops, kennysheep_little_box, uniq_urug
D:11:     special_room, serial_shops, nicolae_shop_behind_doors,
          nicolae_qazlal_eye_of_the_storm
Lair:1:   beast_lair_carwin_7
Lair:2:   swamp_mist_pool
Lair:3:   roderic_carrion_pond
Lair:4:   spider_nest_entry_rubble, serial_bayou_lagoon_b, lemuel_fruit_tree
Lair:5:   kennysheep_basilisk_garden
Lair:6:   minmay_lair_end_enchanted_forest, dpeg_slime_entry_enclosed_altar
Orc:1:    serial_shops, nicolae_shop_behind_doors, special_room,
          minmay_orc_treasury

Skill      XL: |  1  2  3  4  5  6  7  8  9 10 11 12 13 |
---------------+----------------------------------------+-----
Short Blades   | 2 3 4 5 6 7 8 9 10 | 10.0
Dodging        | 1 2 3 4 5 6 7 8 |  8.7
Invocations    | 3 4 5 6 8 9 10 11 12 | 12.0
Fighting       | 4 5 6 7 8 9 10 | 10.0
Shields        | 1 3 4 5 |  5.7
Armour         | 2 4 5 6 7 |  7.3
Evocations     | 4 7 9 |  9.0
Long Blades    | 4 5 |  5.4

Action                   |  1- 3 |  4- 6 |  7- 9 | 10-12 | 13-15 || total
-------------------------+-------+-------+-------+-------+-------++-------
Melee: Dagger            |   106 |   198 |   751 |  1173 |       ||  2228
       Short sword       |     3 |       |       |    51 |       ||    54
       Kick              |       |    53 |    57 |       |       ||   110
       Double sword      |       |       |       |   496 |   296 ||   792
 Fire: Blowgun           |       |     8 |       |       |       ||     8
Invok: Banish            |       |       |       |    13 |     9 ||    22
       Bend Space        |       |       |       |     1 |       ||     1
Evoke: Wand              |       |       |       |     9 |       ||     9
  Use: Scroll            |       |       |       |    21 |       ||    21
       Potion            |       |       |       |     3 |       ||     3
  Eat: Chunk             |     2 |     9 |    15 |    30 |    10 ||    66
       Ration            |       |       |     1 |     7 |     1 ||     9
Armor: Leather armour    |    32 |    47 |    98 |       |       ||   177
       Scale mail        |       |       |   134 |   556 |    78 ||   768
       Plate armour      |       |       |       |       |    61 ||    61
Dodge: Dodged            |    58 |    84 |   200 |   807 |   349 ||  1498
Block: Large shield      |       |       |   307 |   544 |       ||   851
       Rpst.: Double sword |       |       |       |   150 |    89 ||   239

Table legend:
 A = Spawn XP
 B = Non-spawn XP
 C = Spawn XP percentage of total XP
 D = Spawn monster count
 E = Non-spawn monster count
 F = Spawn count percentage of total count
 G = Total turns spent on level
                    A         B        C        D         E        F      G
               +---------+---------+-------+---------+---------+-------+---------
         Total |       0 |   49114 |   0.0 |       0 |     425 |   0.0 | 25788
               +---------+---------+-------+---------+---------+-------+---------
           D:1 |       0 |      18 |   0.0 |       0 |      12 |   0.0 |   974
           D:2 |       0 |     107 |   0.0 |       0 |      32 |   0.0 |  1041
           D:3 |       0 |     116 |   0.0 |       0 |      19 |   0.0 |   947
           D:4 |       0 |     127 |   0.0 |       0 |       9 |   0.0 |   743
           D:5 |       0 |    1448 |   0.0 |       0 |      25 |   0.0 |  2490
           D:6 |       0 |     501 |   0.0 |       0 |      12 |   0.0 |  1476
           D:7 |       0 |    3295 |   0.0 |       0 |      48 |   0.0 |  2682
           D:8 |       0 |    3353 |   0.0 |       0 |      25 |   0.0 |  2126
           D:9 |       0 |    3705 |   0.0 |       0 |      24 |   0.0 |  2112
          D:10 |       0 |    4002 |   0.0 |       0 |      21 |   0.0 |  1730
          D:11 |       0 |    4224 |   0.0 |       0 |      42 |   0.0 |  1878
        Lair:1 |       0 |    2711 |   0.0 |       0 |      12 |   0.0 |  1350
        Lair:2 |       0 |    1402 |   0.0 |       0 |       7 |   0.0 |   556
        Lair:3 |       0 |    2481 |   0.0 |       0 |      16 |   0.0 |   946
        Lair:4 |       0 |    7851 |   0.0 |       0 |      35 |   0.0 |  1083
        Lair:5 |       0 |    6624 |   0.0 |       0 |      29 |   0.0 |  2120
        Lair:6 |       0 |     237 |   0.0 |       0 |       2 |   0.0 |    48
         Orc:1 |       0 |    6912 |   0.0 |       0 |      55 |   0.0 |  1470
               +---------+---------+-------+---------+---------+-------+---------

Vault maps used:
D:1:      dpeg_arrival_water_altar
D:2:      xom_butterflies, first_ration, kennysheep_pointless_box,
          grunt_decor_arrowhead, nicolae_ru_the_path_less_chosen
D:3:      okawaru_ov_weapons_minmay, uniq_terence
D:5:      bloody_makhleb, doesnt_xom_only_xom
D:6:      nicolae_overflow_hidden_temple, old_standard_altar
D:7:      minmay_temple_entry_grid, grunt_livestock, serial_park_tiny_1,
          minmay_misc_feat_tower, uniq_pikel
D:8:      lemuel_doored_altar, elyvilon_altar_5, grunt_gozag_breadcrumbs,
          uniq_erica, uniq_grum, uniq_psyche, uniq_prince_ribbit1
D:9:      cheibrodos_two_vegetables, dancing_weapons_uskayaw, erik_lair_dragon
D:10:     orc_0_dummy, serial_shops, kennysheep_little_box, uniq_urug
D:11:     special_room, serial_shops, nicolae_shop_behind_doors,
          nicolae_qazlal_eye_of_the_storm
Lair:1:   beast_lair_carwin_7
Lair:2:   swamp_mist_pool
Lair:3:   roderic_carrion_pond
Lair:4:   spider_nest_entry_rubble, serial_bayou_lagoon_b, lemuel_fruit_tree
Lair:5:   kennysheep_basilisk_garden
Lair:6:   minmay_lair_end_enchanted_forest, dpeg_slime_entry_enclosed_altar
Orc:1:    serial_shops, nicolae_shop_behind_doors, special_room,
          minmay_orc_treasury
